 Dungeon Crawl Stone Soup version 0.23-b1-6-ga921848b48 (webtiles) character file.

Game seed: 13164094706271875994

2467 Revguard the Cleaver (level 9, -2/78 HPs)
             Began as a Minotaur Gladiator on Feb 2, 2019.
             Was an Initiate of Qazlal.
             Slain by Pikel
             ... wielding a +1 whip of electrocution
              (6 damage)
             ... while paralysed by Pikel
             ... on level 8 of the Dungeon.
             The game lasted 00:16:30 (5803 turns).

Revguard the Cleaver (Minotaur Gladiator)           Turns: 5803, Time: 00:16:31

Health: -2/78      AC: 13    Str: 20    XL:     9   Next: 26%
Magic:  8/8        EV:  2    Int:  5    God:    Qazlal [......]
Gold:   416        SH:  0    Dex: 14    Spells: 8/8 levels left

rFire    x . .     SeeInvis .   A - +1 hand axe (elec)
rCold    + + .     Gourm    .   (no shield)
rNeg     . . .     Faith    .   y - +0 ice dragon scales
rPois    .         Spirit   .   c - +0 hat
rElec    .         Reflect  .   (no cloak)
rCorr    .         Harm     .   (no gloves)
MR       .....                  s - +0 pair of boots
Stlth    ..........             a - amulet of the acrobat
HPRegen  0.23/turn              (no ring)
MPRegen  0.11/turn              (no ring)

@: paralysed
A: retaliatory headbutt, horns 2
a: Renounce Religion


You were on level 8 of the Dungeon.
You worshipped Qazlal.
Qazlal was noncommittal.
You were hungry.

You visited 2 branches of the dungeon, and saw 9 of its levels.

You collected 416 gold pieces.

Inventory:

Hand Weapons
 w - a +1 hand axe of venom
 A - a +1 hand axe of electrocution (weapon)
Missiles
 d - 3 throwing nets (quivered)
Armour
 c - a +0 hat (worn)
 s - a +0 pair of boots (worn)
 y - +0 ice dragon scales (worn)
Jewellery
 a - an amulet of the acrobat (around neck)
 m - an uncursed ring of ice
Wands
 g - a wand of paralysis (6)
 o - a wand of scattershot (6)
 x - a wand of acid (10)
Scrolls
 e - 2 scrolls of enchant armour {unknown}
 h - 6 scrolls of identify {unknown}
 j - 7 scrolls of teleportation {unknown}
 k - 2 scrolls of fog {unknown}
 l - 2 scrolls of magic mapping {unknown}
 p - 2 scrolls of fear {unknown}
 q - a scroll of random uselessness {unknown}
 r - 3 scrolls of amnesia {unknown}
 u - 8 scrolls of remove curse {unknown}
 C - 4 scrolls of enchant weapon {unknown}
Potions
 b - 2 potions of mutation {unknown}
 i - 5 potions of curing
 n - 3 potions of resistance
 t - 2 potions of haste
 v - 2 potions of agility
 z - 2 potions of lignification
 B - a potion of cancellation {unknown}
 D - a potion of flight
Comestibles
 f - 14 rations


   Skills:
 + Level 6.5 Fighting
 + Level 10.5 Axes
 - Level 2.0 Throwing
 + Level 7.7 Armour
 + Level 5.6 Dodging


You had 8 spell levels left.
You didn't know any spells.
Your spell library was empty.

Dungeon Overview and Level Annotations

Branches:
Dungeon (8/15)             Temple (1/1) D:6
   Lair: D:8-11

Altars:
Cheibriados
Elyvilon
Fedhas
Gozag
Hepliaklqana
Kikubaaqudgha
Makhleb
Nemelex Xobeh
Okawaru
Qazlal
Ru
Sif Muna
Trog
Uskayaw
Wu Jian
Xom
Zin
The Shining One

Shops:
D:4 =

Annotations:
D:8 Pikel


Innate Abilities, Weirdness & Mutations

You reflexively headbutt those who attack you in melee.
You have a pair of horns on your head.


Message History

The slave barely misses you.
The crocodile bites you but does no damage.
Pikel hits you but does no damage. The slave hits you!
The slave hits you but does no damage. x2
The crocodile bites you.
Pikel zaps a wand.
You easily resist.
The slave hits you but does no damage. The slave hits you.
The slave hits you but does no damage.
The crocodile bites you but does no damage.
Pikel hits you but does no damage.
You are electrocuted!
* * * LOW HITPOINT WARNING * * *
The slave hits you but does no damage. The slave hits you.
* * * LOW HITPOINT WARNING * * *
The slave hits you but does no damage.
The crocodile bites you but does no damage.
Pikel hits you but does no damage.
The slave hits you but does no damage. x2
The slave hits you.
* * * LOW HITPOINT WARNING * * *
The crocodile barely misses you.
Pikel hits you with a +1 whip of electrocution.
You die...

.. #.
###..
..####...#
........$#
.........#
.........#
.......<.#
...<..pt.#
.......@[#
......pKp#
.........#
.........#
##########


You could see Pikel, a crocodile and 3 slaves.

Vanquished Creatures
  Edmund (D:4)
  Menkaure (D:5)
  3 ice beasts
  An orc warrior (D:6)
  A slave (D:8)
  An ogre (D:7)
  3 sky beasts
  3 phantoms
  A centaur (D:7)
  3 bullfrogs
  A gnoll sergeant (D:6)
  2 howler monkeys
  2 crimson imps
  A bullfrog zombie (D:7)
  2 jellies
  2 orc wizards
  An orc priest (D:7)
  A hound (D:7)
  2 iguanas (D:4)
  A gnoll shaman (D:7)
  5 worker ants
  A hound skeleton (D:7)
  Robin (D:3)
  7 gnolls
  13 adders
  2 shadow imps
  2 oozes
  2 adder skeletons
  A worm (D:2)
  A dart slug (D:1)
  A leopard gecko (D:1)
  21 orcs
  4 bats
  A giant cockroach (D:2)
  13 goblins
  9 hobgoblins
  13 jackals
  2 quokkas (D:4)
  5 frilled lizards
  3 jackal skeletons
  9 kobolds
  2 leopard gecko zombies
  3 quokka skeletons
  A quokka zombie (D:6)
  9 rats
164 creatures vanquished.

Notes
Turn   | Place    | Note
-------+----------+-------------------------------------------
     0 | D:1      | Revguard the Minotaur Gladiator began the quest for the
                  | Orb.
     0 | D:1      | Reached XP level 1. HP: 18/18 MP: 0/0
   113 | D:1      | Reached skill level 4 in Axes
   113 | D:1      | Reached XP level 2. HP: 17/25 MP: 1/1
   340 | D:1      | Reached XP level 3. HP: 24/30 MP: 2/2
   817 | D:2      | Found a burning altar of Makhleb.
  1033 | D:2      | Reached skill level 1 in Armour
  1326 | D:2      | Found a glowing golden altar of the Shining One.
  1360 | D:2      | Found an ornate altar of the Wu Jian Council.
  1362 | D:2      | Found a sparkling altar of Nemelex Xobeh.
  1681 | D:3      | Reached XP level 4. HP: 36/38 MP: 3/3
  1695 | D:3      | Noticed Robin
  1704 | D:3      | Killed Robin
  2020 | D:3      | Found a glowing silver altar of Zin.
  2045 | D:3      | Found a sacrificial altar of Ru.
  2331 | D:4      | Noticed a phantom
  2355 | D:4      | Killed a phantom
  2355 | D:4      | Reached skill level 5 in Axes
  2355 | D:4      | Reached XP level 5. HP: 31/45 MP: 4/4
  2371 | D:4      | Noticed an ice beast
  2388 | D:4      | Killed an ice beast
  2388 | D:4      | Reached skill level 6 in Axes
  2388 | D:4      | Reached XP level 6. HP: 33/51 MP: 5/5
  2469 | D:4      | Found Leutot's Jewellery Shop.
  2708 | D:4      | Noticed Edmund
  2748 | D:4      | Killed Edmund
  2748 | D:4      | Reached skill level 7 in Axes
  2999 | D:4      | Found a blossoming altar of Fedhas.
  3025 | D:4      | Reached XP level 7. HP: 59/59 MP: 6/6
  3415 | D:5      | Entered Level 5 of the Dungeon
  3502 | D:5      | Noticed Menkaure
  3509 | D:5      | Killed Menkaure
  3509 | D:5      | Reached skill level 8 in Axes
  3509 | D:5      | Reached skill level 5 in Armour
  3860 | D:5      | Reached XP level 8. HP: 67/67 MP: 7/7
  4404 | D:6      | Reached skill level 5 in Fighting
  4442 | D:6      | Reached skill level 9 in Axes
  4668 | D:6      | Reached skill level 5 in Dodging
  4796 | D:6      | Found a staircase to the Ecumenical Temple.
  4806 | Temple   | Entered the Ecumenical Temple
  4934 | Temple   | Became a worshipper of Qazlal Stormbringer
  5178 | D:7      | Reached skill level 10 in Axes
  5408 | D:7      | Reached XP level 9. HP: 72/75 MP: 8/8
  5437 | D:7      | Found a snail-covered altar of Cheibriados.
  5792 | D:8      | Noticed Pikel
  5798 | D:8      | Paralysed by Pikel for 5 turns
  5803 | D:8      | Slain by Pikel

Skill      XL: |  1  2  3  4  5  6  7  8 |
---------------+-------------------------+-----
Axes           | 4 5 6 7 8 10 | 10.5
Armour         | 1 2 3 4 5 7 |  7.7
Dodging        | 4 5 |  5.6
Fighting       | 3 4 6 |  6.5
Throwing       | |  2.0

Action                   |  1- 3 |  4- 6 |  7- 9 || total
-------------------------+-------+-------+-------++-------
Melee: War axe           |    95 |   105 |    18 ||   218
       Headbutt          |    12 |    13 |    45 ||    70
       Hand axe          |       |       |   230 ||   230
  Use: Potion            |     5 |     2 |     1 ||     8
  Eat: Chunk             |     2 |     4 |     9 ||    15
Armor: Leather armour    |    21 |       |       ||    21
       Chain mail        |    10 |    69 |    17 ||    96
       Skin              |       |    12 |       ||    12
       Ice dragon scales |       |       |    89 ||    89
Dodge: Dodged            |    81 |    41 |   131 ||   253
